 Dungeon Crawl Stone Soup version 0.31-a0-204-g7da18cac08 (webtiles) character file.

Game seed: 16574916589013984264

158 qw the Skirmisher (level 5, -8/29 HPs)
             Began as a Deep Elf Hunter on June 27, 2023.
             Mangled by Terence
             ... wielding a +0 flail
              (10 damage)
             ... on level 3 of the Dungeon.
             The game lasted 00:00:43 (2023 turns).

qw the Skirmisher (Deep Elf Hunter)                 Turns: 2023, Time: 00:00:43

Health: -8/29      AC:  5    Str: 10    XL:     5   Next: 16%
Magic:  7/7        EV: 11    Int: 14    God:
Gold:   127        SH:  0    Dex: 18    Spells: 4/4 levels left

rFire   + . .        Y - +0 shortbow
rCold   + . .        (shield currently unavailable)
rNeg    . . .        b - +0 ring mail
rPois   .            (no helmet)
rElec   .            j - scarf {rC+ rF+}
rCorr   .            (no gloves)
SInv    .            (no boots)
Will    .....        (no amulet)
Stlth   +            (no ring)
HPRegen 0.24/turn    (no ring)
MPRegen 0.10/turn

%: no passive effects
@: no status effects
A: no striking features
a: no special abilities


You were on level 3 of the Dungeon.
You visited 1 branch of the dungeon, and saw 3 of its levels.

You collected 127 gold pieces.


   Skills:
 - Level 1.5 Fighting
 + Level 8.6 Ranged Weapons
 - Level 2.4 Dodging
 - Level 1.2 Stealth


You had 4 spell levels left.
You didn't know any spells.
Your spell library was empty.

Inventory:

Hand Weapons
 Y - a +0 shortbow (weapon)
Armour
 b - a +0 ring mail (worn)
 j - a scarf of resistance (worn)
Scrolls
 a - a scroll of fear {unknown}
 c - a scroll of teleportation {unknown}
 f - a scroll of enchant armour {unknown}
 l - a scroll of enchant weapon {unknown}
Potions
 d - a potion of enlightenment {unknown}
 e - a potion of degeneration {unknown}
 g - a potion of heal wounds {unknown}
 h - 3 potions of attraction {unknown}
 i - a potion of lignification {unknown}
 k - a potion of brilliance {unknown}

Dungeon Overview and Level Annotations

Branches:
Dungeon (3/15)

Altars:

Annotations:
D:3 Terence


Message History

You shoot an arrow.
The arrow hits Terence but does no damage.
You shoot an arrow.
The arrow hits Terence but does no damage.
Terence closely misses you.
You shoot an arrow. The arrow hits Terence.
Terence is lightly wounded.
Terence says, "How do you enjoy it?" Terence hits you with a +0 flail.
You shoot an arrow. The arrow barely misses Terence.
Terence hits you but does no damage.
You shoot an arrow.
The arrow hits Terence but does no damage.
Terence is lightly wounded.
Terence closely misses you.
You shoot an arrow. The arrow closely misses Terence.
Terence barely misses you.
You shoot an arrow. The arrow closely misses Terence.
Terence hits you with a +0 flail!
You shoot an arrow. The arrow hits Terence.
Terence is lightly wounded.
Terence barely misses you. Terence misses you.
You shoot an arrow. The arrow barely misses Terence.
Terence closely misses you.
You shoot an arrow. The arrow hits Terence.
Terence is moderately wounded.
Terence hits you with a +0 flail!
You shoot an arrow. The arrow hits Terence.
Terence is moderately wounded.
Terence barely misses you.
You shoot an arrow. The arrow hits Terence.
Terence is heavily wounded.
Terence hits you with a +0 flail!
You shoot an arrow. The arrow hits Terence.
Terence is severely wounded.
Terence says, "Rest in peace."
Terence hits you with a +0 flail.
You shoot an arrow. The arrow barely misses Terence.
Terence hits you with a +0 flail!
You die...

#.#.# #.# #.#.# ##
### #.# ####.#..
.. ... #.# %....#
#. #.# #.##.#
###### #. #.#
#.##.# # #. #.#
#.##.# # #.##.#
#.##.# # ##@#..#
#.##.# # ##..@.##
#.##.# ####
##......###.##.#
...#
...............#%#
##.#
.###.............#
#.#
##....#.##..###
#.# ##.........#
#.# ###.#.###.#
#.# #...# #.# #.#
##..# #.#


You could see Terence.

Vanquished Creatures
  Natasha (thrice) (D:3)
  4 adders
  A worm (D:2)
  A dart slug (D:1)
  6 ball pythons
  An endoplasm (D:3)
  A giant cockroach (D:2)
  4 goblins
  4 hobgoblins
  4 jackals (D:3)
  4 kobolds
  2 quokkas
  5 bats
  2 frilled lizards
  3 rats
45 creatures vanquished.

Notes
Turn   | Place    | Note
-------+----------+-------------------------------------------
     0 | D:1      | qw the Deep Elf Hunter began the quest for the Orb.
     0 | D:1      | Reached XP level 1. HP: 12/12 MP: 3/3
     0 | D:1      | 0 ||| qw: Version: 0.3-a-22-g0ed2b0b
     0 | D:1      | 0 ||| qw: Game counter: 6603
     0 | D:1      | 0 ||| qw: Melee chars always use a shield: true
     0 | D:1      | 0 ||| qw: God list: Okawaru
     0 | D:1      | 0 ||| qw: Allow faded altars: false
     0 | D:1      | 0 ||| qw: Do Orc after clearing Dungeon:15 true
     0 | D:1      | 0 ||| qw: Do second Lair branch before Depths: true
     0 | D:1      | 0 ||| qw: Lair rune preference: random
     0 | D:1      | 0 ||| qw: Goals: Normal
     0 | D:1      | 0 ||| PLANNING D:1-11
    35 | D:1      | You fall into a shaft and drop 1 floor!
    66 | D:2      | 66 ||| DROPPING scroll of butterflies.
   116 | D:1      | Reached skill level 6 in Ranged Weapons
   116 | D:1      | Reached XP level 2. HP: 12/16 MP: 4/4
   816 | D:1      | 816 ||| UPGRADING to +0 ring mail.
   826 | D:1      | 826 ||| DROPPING +0 leather armour.
   827 | D:1      | 827 ||| DRINKING 2 white potions.
   864 | D:2      | Reached XP level 3. HP: 9/20 MP: 5/5
  1064 | D:2      | Reached skill level 7 in Ranged Weapons
  1221 | D:2      | 1221 ||| UPGRADING to scarf of resistance.
  1226 | D:2      | 1226 ||| READING scroll labelled PAME QUCOEQ.
  1227 | D:2      | 1227 ||| READING scroll labelled QIFOIWIZIE.
  1229 | D:2      | 1229 ||| Stepping ~*~*~tactically~*~*~ (cloud).
  1230 | D:2      | 1230 ||| DRINKING potion of curing.
  1230 | D:2      | 1230 ||| (to cure poison)
  1304 | D:3      | Noticed Natasha
  1306 | D:3      | 1306 ||| Stepping ~*~*~tactically~*~*~ (outnumbered).
  1308 | D:3      | 1308 ||| Stepping ~*~*~tactically~*~*~ (outnumbered).
  1316 | D:3      | Killed Natasha
  1317 | D:3      | Reached XP level 4. HP: 16/25 MP: 6/6
  1419 | D:3      | Noticed Natasha
  1432 | D:3      | Killed Natasha
  1433 | D:3      | Reached skill level 8 in Ranged Weapons
  1903 | D:3      | Noticed Natasha
  1907 | D:3      | 1907 ||| Stepping ~*~*~tactically~*~*~ (outnumbered).
  1908 | D:3      | 1908 ||| FLEEEEING.
  1914 | D:3      | HP: 3/25 [Natasha/magic dart (6)]
  1915 | D:3      | Killed Natasha
  1916 | D:3      | Reached XP level 5. HP: 4/29 MP: 7/7
  2008 | D:3      | Noticed Terence
  2021 | D:3      | HP: 4/29 [Terence/+0 flail (7)]
  2023 | D:3      | Mangled by Terence

Levels and vault maps discovered:
D:1:      dpeg_arrival_rhombus, layout_basic, st_stairs_8,
          minmay_misc_feat_hallway, minmay_misc_feat_rows
D:2:      layout_rooms
D:3:      layout_loops_ring, grunt_ministairs_11, uniq_jessica, uniq_natasha,
          uniq_terence

Skill      XL: |  1  2  3  4 |
---------------+-------------+-----
Ranged Weapons | 6 7 8 |  8.6
Fighting       | |  1.5
Dodging        | |  2.4
Stealth        | |  1.2

Action                     |  1- 3 |  4- 6 || total
---------------------------+-------+-------++-------
   Fire: Shortbow          |    82 |    74 ||   156
    Use: Potion            |     2 |       ||     2
         Scroll            |     2 |       ||     2
 Armour: Leather armour    |     3 |       ||     3
         Ring mail         |    10 |    23 ||    33
  Dodge: Dodged            |    18 |    40 ||    58

Table legend:
 A = Non-vault XP
 B = Vault XP
 C = Vault XP percentage of total XP
 D = Non-vault monster count
 E = Vault monster count
 F = Vault count percentage of total count
                 A         B        C        D         E       F
            +---------+---------+-------+---------+---------+-------
      Total |     188 |      39 |  17.2 |      42 |       3 |   6.7
            +---------+---------+-------+---------+---------+-------
        D:1 |      24 |       4 |  14.3 |      13 |       2 |  13.3
        D:2 |      47 |       0 |   0.0 |      13 |       0 |   0.0
        D:3 |     117 |      35 |  23.0 |      16 |       1 |   5.9
            +---------+---------+-------+---------+---------+-------
